 Dungeon Crawl Stone Soup version 0.32-a0-975-g85d4e5bfdb (webtiles) character file.

Game seed: 3510680451198634630

518 Maxmaps the Caller (level 7, 0/52 HPs)
             Began as a Demonspawn Summoner on Apr 19, 2024.
             Slain by a black bear (7 damage)
             ... on level 4 of the Dungeon.
             The game lasted 00:05:54 (4134 turns).

Maxmaps the Caller (Demonspawn Summoner)            Turns: 4134, Time: 00:05:55

Health: 0/52       AC:  7    Str:  9    XL:     7   Next: 1%
Magic:  14/14      EV: 11    Int: 17    God:
Gold:   258        SH:  0    Dex: 13    Spells: 11/16 levels left

rFire   . . .        o - +2 war axe (elec)
rCold   + . .        (no shield)
rNeg    . . .        a - +0 robe
rPois   .            (no helmet)
rElec   .            t - +1 cloak
rCorr   .            (no gloves)
SInv    .            (no boots)
Will    +....        (no amulet)
Stlth   ++           j - ring of willpower
HPRegen 0.28/turn    r - ring of protection from cold
MPRegen 0.14/turn

%: no passive effects
@: no status effects
A: claws 1, yellow scales 2, demonic magic 1
a: no special abilities


You were on level 4 of the Dungeon.
You visited 1 branch of the dungeon, and saw 4 of its levels.

You collected 258 gold pieces.

Inventory:

Hand Weapons
 g - a +3 whip of freezing
 o - a +2 war axe of electrocution (weapon)
Armour
 a - a +0 robe (worn)
 t - a +1 cloak (worn)
Jewellery
 j - a ring of willpower (left claw)
 r - a ring of protection from cold (right claw)
 u - a ring of positive energy
Wands
 c - a wand of flame (27)
 k - a wand of acid (5)
Scrolls
 d - 2 scrolls of poison
 n - a scroll of immolation
 v - a scroll of teleportation {unknown}
Potions
 b - a potion of magic
 e - a potion of lignification
 f - a potion of cancellation
 h - a potion of berserk rage
 i - 4 potions of heal wounds
 l - a potion of invisibility
 m - a potion of ambrosia
 p - a potion of might {unknown}
 q - a potion of degeneration {unknown}
 s - a potion of attraction {unknown}


   Skills:
 - Level 3.3 Fighting
 - Level 1.7 Dodging
 - Level 1.7 Stealth
 - Level 5.0 Spellcasting
 + Level 5.5 Summonings


You had 11 spell levels left.
You knew the following spells:

 Your Spells              Type           Power      Damage    Failure   Level
b - Call Imp              Summ           46%        N/A       2%          2
c - Call Canine Familiar  Summ           23%        N/A       4%          3

Your spell library contained the following spells:

 Spells                   Type           Power      Damage    Failure   Level
 Summon Small Mammal      Summ           92%        N/A       1%          1
 Apportation              Tloc           8%         N/A       14%         1
 Kiss of Death            Conj/Necr      16%        2d6       14%         1
 Necrotise                Necr           16%        1d4       14%         1
 Cigotuvi's Dreadful Rot  Necr/Alch/Air  8%         N/A       22%         2
 Jinxbite                 Hex            8%         N/A       22%         2
 Maxwell's Portable Pile  Tloc           4%         2d(5-14)  38%         3
 Vampiric Draining        Necr           4%         2d6       38%         3
 Martyr's Knell           Necr/Summ      13%        N/A       41%         4
 Summon Blazeheart Golem  Fire/Summ      13%        N/A       41%         4
 Summon Lightning Spire   Summ/Air       13%        N/A       41%         4
 Dispel Undead            Necr           4%         3d7       80%         4
 Alistair's Intoxication  Alch           2%         N/A       98%         5
 Curse of Agony           Necr           4%         N/A       98%         5
 Magnavolt                Erth/Air       2%         3d9       100%        7
 Maxwell's Capacitive Co  Air            2%         ∞         100%        8


Dungeon Overview and Level Annotations

Branches:
Dungeon (4/15)
 Temple: D:4-7

Altars:
Fedhas
Nemelex Xobeh

Shops:
D:1 !

Annotations:
D:3 2 transporters


Innate Abilities, Weirdness & Mutations

You have sharp fingernails.
You are mostly covered in yellow scales. (AC +3)
Spells you cast may paralyse adjacent enemies.


Message History

Found a scroll labelled TINIOSI WARUGG.
A black bear is nearby!
The black bear growls angrily.
There is an open door here.
You slash the black bear!
The black bear is moderately wounded.
The black bear bites you but does no damage.
The black bear claws you but does no damage.
The black bear claws you.
You slash the black bear!
The black bear is severely wounded.
The black bear bites you. The black bear barely misses you.
The black bear misses you. The black bear closely misses you.
The black bear claws you but does no damage.
The black bear barely misses you.
You barely miss the black bear.
The black bear is severely wounded.
The black bear goes berserk!
You completely miss the black bear.
The black bear is severely wounded.
The black bear misses you. The black bear claws you.
The black bear barely misses you. x2
The black bear claws you but does no damage.
The black bear closely misses you.
You slash the black bear!
The black bear is almost dead.
The black bear bites you! The black bear claws you.
The black bear completely misses you. The black bear bites you!
The black bear claws you. The black bear closely misses you.
You are too injured to fight recklessly!
You are too injured to fight recklessly!
You barely miss the black bear.
The black bear is almost dead.
The black bear barely misses you. x3; The black bear bites you!
* * * LOW HITPOINT WARNING * * *
The black bear claws you but does no damage.
The black bear claws you.
* * * LOW HITPOINT WARNING * * *
The black bear bites you!
You die...

#### #...........
##.......# #
#####...##### #......###
#.##...## #.....####
##.....## ####.....#
#...?...# #...#..
#.......# ##..###.
#.......# ###..#####
#..h..# ##...#+#.##
#.@.# ##...###._.# +###
#######'#####.....#'#.##
....
...................#####
....
............######..###.
.... [..........##
##..#.. '###
#######'#### ##...# ..#
##...## ####. ..#
##.....## ##. ..
#.......# #..


You could see a black bear (berserk).

Vanquished Creatures
  A phantom (D:4)
  Crazy Yiuf (D:3)
  A bombardier beetle (D:3)
  A hound (D:4)
  A sleepcap (D:4)
  2 iguanas (D:4)
  2 adders
  3 dart slugs
  4 orcs
  2 ball pythons
  8 endoplasms
  3 giant cockroaches
  2 goblins
  A hobgoblin (D:2)
  4 jackals (D:3)
  2 kobolds
  2 quokkas
  5 bats
  4 frilled lizards
  3 rats
52 creatures vanquished.

Vanquished Creatures (collateral kills)
  Sigmund (D:4)
  A jelly (D:4)
  A ribbon worm (D:2)
  An endoplasm (D:1)
  A giant cockroach (D:1)
  3 goblins
  2 hobgoblins (D:1)
  2 ball pythons (D:1)
  A frilled lizard (D:1)
  A rat (D:1)
14 creatures vanquished.

Grand Total: 66 creatures vanquished

Notes
Turn   | Place    | Note
-------+----------+-------------------------------------------
     0 | D:1      | Maxmaps the Demonspawn Summoner began the quest for the
                  | Orb.
     0 | D:1      | Reached XP level 1. HP: 13/13 MP: 3/3
   128 | D:1      | Reached skill level 1 in Fighting
   339 | D:1      | Gained mutation: You are partially covered in yellow
                  | scales. (AC +2) [demonic ancestry]
   339 | D:1      | Reached XP level 2. HP: 14/22 MP: 1/5
   343 | D:1      | Learned a level 2 spell: Call Imp
   471 | D:1      | Found Veabosu's Distillery.
  1324 | D:2      | Reached XP level 3. HP: 27/28 MP: 1/6
  2363 | D:2      | Found a faded altar of an unknown god.
  2372 | D:2      | Got Plato's Vellum of Unspeakable Rites
  2503 | D:2      | Learned a level 3 spell: Call Canine Familiar
  2639 | D:3      | Found a transporter.
  2705 | D:3      | Found a transporter.
  2968 | D:3      | Found a blossoming altar of Fedhas.
  2974 | D:3      | Reached XP level 4. HP: 32/35 MP: 3/8
  3196 | D:3      | Found a runed translucent door.
  3197 | D:3      | Noticed Crazy Yiuf
  3394 | D:3      | Paralysed by Crazy Yiuf for 1 turns
  3396 | D:3      | Killed Crazy Yiuf
  3397 | D:3      | Gained mutation: You are mostly covered in yellow scales.
                  | (AC +3) [demonic ancestry]
  3397 | D:3      | Reached XP level 5. HP: 36/41 MP: 5/10
  3605 | D:4      | Noticed a phantom
  3623 | D:4      | Killed a phantom
  3679 | D:4      | Gained mutation: You have sharp fingernails. [demonic
                  | ancestry]
  3679 | D:4      | Reached XP level 6. HP: 32/47 MP: 11/13
  3755 | D:4      | Reached skill level 5 in Spellcasting
  3854 | D:4      | Noticed Sigmund
  3866 | D:4      | Killed Sigmund
  3867 | D:4      | Reached skill level 5 in Summonings
  4045 | D:4      | Found a sparkling altar of Nemelex Xobeh.
  4066 | D:4      | Gained mutation: Spells you cast may paralyse adjacent
                  | enemies. [demonic ancestry]
  4066 | D:4      | Reached XP level 7. HP: 39/52 MP: 14/14
  4134 | D:4      | Slain by a black bear

Illustrated notes

Levels and vault maps discovered:
D:1:      minmay_arrival_arboretum_small, layout_basic, serial_aquarium,
          aquarium_bridge_square [aquarium_subvault_window,
          aquarium_subvault_balcony, aquarium_subvault_window,
          aquarium_subvault_bridge], aquarium_bridge_straight
          [aquarium_subvault_bridge, aquarium_subvault_balcony,
          aquarium_subvault_bridge, aquarium_subvault_window],
          aquarium_window_corridor_3, aquarium_window_fake, aquarium_window_2,
          aquarium_window_2, aquarium_view_2b, serial_shops, shop, minivault_11,
          amcnicky_mini_corridor_feature, minmay_tiny_reverse_x
D:2:      layout_basic, shapermc_ecumenical_altar_rom_forum,
          wander_ebering_terrifying_dragon_lair
D:3:      gammafunk_wand_slinger, layout_basic, lemuel_crystal_altar,
          uniq_crazy_yiuf_cottage
D:4:      kennysheep_six_static_rooms, layout_cave_pods,
          nemelex_diamond_rough_becter, mainiacjoe_overflow_cross_hatched,
          nicolae_gozag_cash_rules_everything_around_me, uniq_sigmund,
          uniq_pikel

Skill      XL: |  1  2  3  4  5  6 |
---------------+-------------------+-----
Fighting       | 1 2 3 |  3.3
Spellcasting   | 3 4 5 |  5.0
Summonings     | 5 |  5.5
Dodging        | |  1.7
Stealth        | |  1.7

Action                     |  1- 3 |  4- 6 |  7- 9 || total
---------------------------+-------+-------+-------++-------
  Melee: Whip              |    91 |       |       ||    91
         War axe           |    11 |    60 |     6 ||    77
   Cast: Summon Small Mamm |     9 |     3 |       ||    12
         Call Imp          |     7 |     5 |       ||    12
         Call Canine Famil |       |     1 |       ||     1
    Use: Scroll            |     4 |     6 |       ||    10
         Potion            |       |     3 |       ||     3
   Stab: Sleeping          |     7 |       |       ||     7
         Distracted        |     2 |     1 |       ||     3
 Armour: Robe              |    63 |    53 |    15 ||   131
         Skin              |       |     3 |       ||     3
  Dodge: Dodged            |    61 |    30 |    13 ||   104

Table legend: (Time is in decaauts)
 A = Elapsed time spent in this place.
 B = Non-inter-level travel time spent in this place.
 C = Inter-level travel time spent in this place.
 D = Time resting spent in this place.
 E = Time spent auto-exploring this place.
 F = Levels seen in this place.
 G = Mean time per level.
                   A        B        C        D        E       F      G
               +--------+--------+--------+--------+--------+-----+--------+
         Total |   4187 |   3983 |    204 |    340 |   3020 |   4 | 1046.8 |
       Dungeon |   4187 |   3983 |    204 |    340 |   3020 |   4 | 1046.8 |
               +--------+--------+--------+--------+--------+-----+--------+

Top non-repeatable levels by time:
     D:2: 1366 daAuts
     D:1: 1278 daAuts
     D:3: 896 daAuts
     D:4: 646 daAuts
